 Dungeon Crawl Stone Soup version 0.27.0-1-g7a089689b8 (webtiles) character file.

Game seed: 3014512440365369540

49 sanka the Magician (level 3, -2/16 HPs)
             Began as a Vine Stalker Hedge Wizard on Aug 1, 2021.
             Was a Follower of Dithmenos.
             Succumbed to an adder's poison
             ... on level 2 of the Dungeon.
             The game lasted 00:02:10 (2203 turns).

sanka the Magician (Vine Stalker Hedge Wizard)      Turns: 2203, Time: 00:02:10

Health: -2/16      AC:  2    Str: 12    XL:     3   Next: 77%
Magic:  6/9        EV: 12    Int: 14    God:    Dithmenos [*.....]
Gold:   82         SH:  0    Dex: 14    Spells: 7/10 levels left

rFire    . . .     SeeInvis .   f - +0 quarterstaff
rCold    . . .     Faith    .   (shield currently unavailable)
rNeg     . . .     Spirit   +   b - +0 robe
rPois    .         Reflect  .   c - +0 hat
rElec    .         Harm     .   (no cloak)
rCorr    .         Rampage  .   (no gloves)
Will     .....                  (no boots)
Stlth    ++........             (no amulet)
HPRegen  0.05/turn              (no ring)
MPRegen  0.11/turn              (no ring)

@: lethally poisoned (-2 -> -14), wreathed by umbra
A: fangs 2, magic shield, antimagic bite, no potion heal 2
a: Renounce Religion


You were on level 2 of the Dungeon.
You worshipped Dithmenos.
Dithmenos was aware of your devotion.
You visited 1 branch of the dungeon, and saw 2 of its levels.

You collected 82 gold pieces.


Innate Abilities, Weirdness & Mutations

You have extremely sharp teeth.
When hurt, damage is shared between your health and your magic reserves.
Your bite disrupts and absorbs the magic of your enemies.
Potions cannot restore your health.


   Skills:
 - Level 1.5 Dodging
 - Level 2.4 Stealth
 - Level 4.0 Spellcasting
 - Level 1.0 Conjurations
 + Level 2.7 Summonings
 - Level 1.0 Translocations


You had 7 spell levels left.
You knew the following spells:

 Your Spells              Type           Power      Damage    Failure   Level
x - Call Imp              Summ           10%        N/A       10%         2
z - Magic Dart            Conj           20%        1d4       13%         1

Your spell library contained the following spells:

 Spells                   Type           Power      Damage    Failure   Level
 Blink                    Tloc           N/A        N/A       19%         2
 Slow                     Hex            2%         N/A       28%         2
 Conjure Flame            Conj/Fire      4%         6-21      43%         3
 Mephitic Cloud           Conj/Pois/Air  3%         N/A       45%         3

Inventory:

Hand Weapons
 a - a +0 dagger
 f - a +0 quarterstaff (weapon)
Missiles
 j - a throwing net {=f}
Armour
 b - a +0 robe (worn)
 c - a +0 hat (worn)
Scrolls
 d - a scroll of vulnerability {unknown}
 i - a scroll of magic mapping {unknown}
Potions
 e - a potion of haste {unknown}
 g - a potion of brilliance {unknown}
 h - 2 potions of curing {unknown}
 k - a potion of heal wounds {unknown}

Dungeon Overview and Level Annotations

Branches:
Dungeon (2/15)

Altars:
Dithmenos

▒▒▒.............▒
▒.▒▒▒▒▒▒▒▒▒▒▒.▒ ▒.▒ ▒.▒
▒▒▒.▒▒▒▒▒▒▒ ▒.▒
..........▒▒▒ ▒.▒
▒▒▒.▒▒▒.....▒▒▒.▒
▒▒▒.▒▒▒.▒.▒.▒...▒
..............▒.▒▒▒▒▒.▒
▒▒▒.▒.▒.▒.▒)▒...fShh..▒
▒......)..▒▒▒.▒▒▒▒..▒
▒.....).......▒
▒▒...▒▒.▒▒▒▒▒▒▒
▒▒▒.▒▒▒.▒▒▒▒▒▒▒
▒....▒▒........ .
▒.▒.▒▒^.<▒▒▒▒▒.▒
.▒▒.▒▒▒..▒..▒▒ ▒.▒
........▒▒▒..▒ ▒.▒


You could see an adder and 2 jackals.


Message History

Unknown command.
You closely miss the adder. Your bite misses the adder.
The adder is moderately wounded.
The adder bites you.
You are poisoned.
The adder poisons you! The adder bites you.
* * * LOW HITPOINT WARNING * * *
You are lethally poisoned!
The adder poisons you!
You hit the adder.
The adder is heavily wounded.
* * * LOW HITPOINT WARNING * * *
You feel very sick. The adder barely misses you.
Unknown command.
You hit the adder.
The adder is severely wounded.
* * * LOW HITPOINT WARNING * * *
You feel sick. The adder bites you.
* * * LOW HITPOINT WARNING * * *
You are more poisoned.
The adder poisons you! The adder closely misses you.
You miss the adder. You bite the adder, but do no damage.
The adder is severely wounded.
You die...

Action                   || total
-------------------------++-------
Melee: Dagger            ||    16
       Bite              ||    32
       Quarterstaff      ||    89
 Cast: Magic Dart        ||     7
       Call Imp          ||     2
 Stab: Sleeping          ||     7
Armor: Robe              ||    21
Dodge: Dodged            ||    61

Levels and vault maps discovered:
D:1:      minmay_arrival_doors, layout_basic,
          shapermc_ecumenical_altar_mp_urbaneastern
D:2:      layout_loops_ring, minmay_tetromino_l2

Notes
Turn   | Place    | Note
-------+----------+-------------------------------------------
     0 | D:1      | sanka the Vine Stalker Hedge Wizard began the quest for the
                  | Orb.
     0 | D:1      | Reached XP level 1. HP: 9/9 MP: 5/5
   433 | D:1      | Reached XP level 2. HP: 13/13 MP: 3/7
   473 | D:1      | Learned a level 2 spell: Call Imp
   507 | D:1      | Reached skill level 4 in Spellcasting
  1246 | D:1      | Found a faded altar of an unknown god.
  1455 | D:1      | Became a worshipper of Dithmenos the Shadowed
  1455 | D:1      | Reached * piety under Dithmenos
  1480 | D:2      | Reached XP level 3. HP: 16/16 MP: 9/9
  1510 | D:2      | Reached skill level 2 in Summonings
  2203 | D:2      | Succumbed to an adder's poison

Vanquished Creatures
  2 worms (D:2)
  A dart slug (D:2)
  4 ball pythons (D:1)
  2 endoplasms
  2 giant cockroaches
  2 goblins
  3 hobgoblins
  3 jackals (D:1)
  4 quokkas
  4 bats
  A frilled lizard (D:2)
  2 kobolds (D:2)
  4 rats
34 creatures vanquished.

Vanquished Creatures (collateral kills)
  A worm (D:2)
  A goblin (D:2)
2 creatures vanquished.

Vanquished Creatures (others)
  A fungus (D:1)
  3 plants (D:1)
4 creatures vanquished.

Grand Total: 40 creatures vanquished
